 Dungeon Crawl Stone Soup version 0.27-a0-1144-g0b7d3b79db (webtiles) character file.

Game seed: 12319202122122723618

11 robertstho the Skirmisher (level 2, -2/21 HPs)
             Began as an Octopode Berserker on May 10, 2021.
             Was a Follower of Trog.
             Slain by a gnoll
             ... wielding a +0 club
              (6 damage)
             ... on level 2 of the Dungeon.
             The game lasted 00:00:49 (113 turns).

robertstho the Skirmisher (Octopode Berserker)       Turns: 113, Time: 00:00:50

Health: -2/21      AC:  1    Str: 16    XL:     2   Next: 29%
Magic:  2/2        EV: 13    Int:  9    God:    Trog [*.....]
Gold:   0          SH:  0    Dex: 11    Spells: 1/1 levels left

rFire    . . .     SeeInvis .   a - +0 short sword
rCold    . . .     Faith    .   (no shield)
rNeg     . . .     Spirit   .   (helmet restricted)
rPois    .         Reflect  .   (no amulet)
rElec    .         Harm     .   (no ring)
rCorr    .         Rampage  .   (no ring)
Will     .....                  (no ring)
Stlth    ++........             (no ring)
HPRegen  0.07/turn              (no ring)
MPRegen  0.08/turn              (no ring)
                                (no ring)
                                (no ring)

@: no status effects
A: almost no armour, amphibious, 8 rings, camouflage 1, gelatinous body 1,
(nimble swimmer 1), tentacles
a: Renounce Religion, Berserk


You were on level 2 of the Dungeon.
You worshipped Trog.
Trog was aware of your devotion.
You visited 1 branch of the dungeon, and saw 2 of its levels.

Inventory:

Hand Weapons
 a - a +0 short sword (weapon)


   Skills:
 * Level 3.2 Fighting
 + Level 3.1 Short Blades
 * Level 3.2 Dodging
 * Level 0.8 Stealth


You had one spell level left.
You didn't know any spells.
Your spell library was empty.

Dungeon Overview and Level Annotations

Branches:
Dungeon (1/15)

Altars:


Innate Abilities, Weirdness & Mutations

You cannot wear most types of armour.
You are amphibious.
You can wear up to eight rings at the same time.
Your skin changes colour to match your surroundings (Stealth+).
Your rubbery body absorbs attacks. (AC +1, EV +1)
((You are camouflaged near water. (Stealth+)))
You have tentacles for arms and can constrict up to eight enemies at once.


Message History

The adder closely misses you.
A gnoll comes into view. It is wielding a +0 halberd.
You hit the adder but do no damage. Your grab misses the adder.
Your squeeze misses the adder. The adder bites you.
You are poisoned.
The adder poisons you!
The gnoll hits you from afar with a +0 spear.
You miss the adder. Your grab misses the adder.
You feel sick. The adder misses you. The adder closely misses you.
You closely miss the adder. Your grab misses the adder.
You feel sick. The adder bites you.
Unknown command.
You feel sick.
A quokka comes into view.
You feel sick.
You feel sick. The adder barely misses you.
A bat comes into view.
You feel sick.
You are no longer poisoned.
The adder bites you.
* * * LOW HITPOINT WARNING * * *
You aren't carrying any scrolls.
Unknown command.
Okay, then.
Okay, then.
A frilled lizard and an adder come into view.
The adder closely misses you.
Found 24 stones and 11 gold pieces.
The frilled lizard hisses angrily.
The adder misses you.
You aren't carrying any pieces of jewellery.
Unknown command.
The adder closely misses you.
A gnoll comes into view. It is wielding a +0 club.
You aren't carrying any potions.
A gnoll comes into view. It is wielding a +0 club.
The gnoll shouts!
The adder bites you but does no damage. The gnoll hits you with a +0 club.
You die...

## ." .# .###
##... #g.#
######@######
#.#.#.Sg#r#.#
##.#.g#b.#.##
#.#..###..#b#
##g.##S##..##
#..##.l.##..#
#.##S.$..##.#
#..##...##..#
##.g##(##..##


You could see 4 gnolls, an adder and a bat.

Vanquished Creatures
  An adder (D:2)
  An endoplasm (D:2)
  A hobgoblin (D:2)
3 creatures vanquished.

Notes
Turn   | Place    | Note
-------+----------+-------------------------------------------
     0 | D:1      | robertstho the Octopode Berserker began the quest for the
                  | Orb.
     0 | D:1      | Reached XP level 1. HP: 16/16 MP: 1/1
    31 | D:1      | You fall into a shaft and drop 1 floor!
    34 | D:2      | Reached XP level 2. HP: 21/21 MP: 2/2
   113 | D:2      | Slain by a gnoll

Illustrated notes

Levels and vault maps discovered:
D:1:      psy_arrival_radial02, layout_loops_ring, grunt_decor_mini_mirrors
D:2:      minmay_diamond_boxcup, layout_basic

Action                   || total
-------------------------++-------
Melee: Short sword       ||     6
       Tentacles         ||     1
Invok: Berserk           ||     1
 Stab: Sleeping          ||     1
Armor: Skin              ||     1
Dodge: Dodged            ||     7

Table legend: (Time is in decaauts)
 A = Elapsed time spent in this place.
 B = Non-inter-level travel time spent in this place.
 C = Inter-level travel time spent in this place.
 D = Time resting spent in this place.
 E = Time spent auto-exploring this place.
 F = Levels seen in this place.
 G = Mean time per level.
                   A        B        C        D        E       F      G
               +--------+--------+--------+--------+--------+-----+--------+
         Total |    121 |    121 |      0 |     46 |     39 |   2 |   60.5 |
       Dungeon |    121 |    121 |      0 |     46 |     39 |   2 |   60.5 |
               +--------+--------+--------+--------+--------+-----+--------+

Top non-repeatable levels by time:
     D:2: 90 daAuts
     D:1: 31 daAuts
